 Dungeon Crawl Stone Soup version 0.28.0-53-g5a82cb258f (webtiles) character file.

Game seed: 641368263899533644

1836 Sin92 the Poker (level 8, -10/63 HPs)
             Began as a Demonspawn Fighter on July 2, 2022.
             Was an Initiate of Okawaru.
             Mangled by a boulder beetle (17 damage)
             ... on level 6 of the Dungeon.
             The game lasted 00:16:18 (6262 turns).

Sin92 the Poker (Demonspawn Fighter)                Turns: 6262, Time: 00:16:18

Health: -10/63     AC: 11    Str: 17 (18) XL:     8   Next: 87%
Magic:  8/8        EV: 10    Int: 10      God:    Okawaru [......]
Gold:   257        SH:  5    Dex: 13      Spells: 7/7 levels left

rFire   . . .      SeeInvis .   a - +1 trident
rCold   . . .      Faith    .   c - +0 buckler
rNeg    . . .      Spirit   .   b - +0 scale mail
rPois   +          Reflect  .   (helmet restricted)
rElec   .          Harm     .   o - +0 cloak
rCorr   .          Rampage  .   (no gloves)
Will    .....                   (no boots)
Stlth   ..........              k - amulet of the acrobat
HPRegen 0.20/turn               d - ring of poison resistance
MPRegen 0.11/turn               (no ring)

@: studying Throwing, invisible
A: horns 1, slimy green scales 2, ignite blood 2
a: Renounce Religion


You were on level 6 of the Dungeon.
You worshipped Okawaru.
Okawaru was noncommittal.
You visited 1 branch of the dungeon, and saw 6 of its levels.

You collected 257 gold pieces.

Inventory:

Hand Weapons
 a - a +1 trident (weapon)
Armour
 b - a +0 scale mail (worn)
 c - a +0 buckler (worn)
 o - a +0 cloak (worn)
Jewellery
 d - a ring of poison resistance (left hand)
 k - an amulet of the acrobat (around neck)
 m - an amulet of magic regeneration
Scrolls
 f - 4 scrolls of noise
 i - a scroll of identify
Potions
 e - 4 potions of lignification
 j - a potion of haste
 n - a potion of curing
 q - a potion of mutation {unknown}


   Skills:
 + Level 5.5 Fighting
 * Level 6.2 Polearms
 + Level 5.0 Armour
 + Level 4.0 Dodging
 + Level 5.1 Shields


You had 7 spell levels left.
You didn't know any spells.
Your spell library contained the following spells:

 Spells                   Type           Power      Damage    Failure   Level
 Freeze                   Ice            0%         1d3       83%         1
 Shock                    Conj/Air       0%         1d3       83%         1
 Frozen Ramparts          Ice            0%         1d2       99%         3
 Swiftness                Air            0%         N/A       99%         3
 Airstrike                Air            0%         N/A       100%        4
 Hailstorm                Conj/Ice       0%         3d3       100%        4


Dungeon Overview and Level Annotations

Branches:
Dungeon (6/15)             Temple (0/1) D:6

Altars:
Elyvilon
Hepliaklqana
Nemelex Xobeh
Okawaru
Wu Jian
Yredelemnul


Innate Abilities, Weirdness & Mutations

You have a pair of small horns on your head.
You are mostly covered in slimy green scales. (AC +3)
Your demonic aura often causes spilled blood to erupt in flames.


Message History

The boulder beetle is engulfed in blazing flames.
Reach: a) +1 trident
Press: ? - help, Dir - move target, f - boulder beetle
Aim: a boulder beetle (moderately wounded, about 10% to evade your +1 trident)
You reach to attack!
You hit the boulder beetle but do no damage.
The boulder beetle is moderately wounded.
Reach: a) +1 trident
Press: ? - help, Dir - move target, f/p - boulder beetle
Aim: a boulder beetle (moderately wounded, about 10% to evade your +1 trident)
You reach to attack!
You hit the boulder beetle but do no damage.
The boulder beetle is moderately wounded.
It was a potion of curing.
You feel better.
The boulder beetle is engulfed in blazing flames.
The boulder beetle barely misses you.
It was a potion of heal wounds.
You feel much better.
The boulder beetle is engulfed in blazing flames.
The boulder beetle barely misses you.
You hit the boulder beetle.
The boulder beetle is heavily wounded.
The boulder beetle is engulfed in blazing flames.
The boulder beetle closely misses you.
You hit the boulder beetle.
The boulder beetle is heavily wounded.
The boulder beetle bites you!
You hit the boulder beetle but do no damage.
Your headbutt misses the boulder beetle.
The boulder beetle is heavily wounded.
The boulder beetle bites you.
You hit the boulder beetle but do no damage.
The boulder beetle is heavily wounded.
The boulder beetle is engulfed in blazing flames.
The boulder beetle bites you!
* * * LOW HITPOINT WARNING * * *
You hit the boulder beetle.
You headbutt the boulder beetle, but do no damage.
The boulder beetle is severely wounded.
The boulder beetle bites you!
You die...

#.# #.# ###..#######..# ####.##
#.# #...##...####.# ......# #.#
#..#......###.# ####..#
####.###..........##.##
####..###........#....#...##..#
.......##.##.##)..........#...##
####...## #.##...##.....##..#.##
####...# #....B........#..#.#.#
.......# ####.@..(....#....#.#.
.####..# #..#.#.#......###..
.####..# .....#.#.#.##..## #..
.......# #####.#.#.#.##.## #..
##.###.# #.#.#.#.###.## #.. #.#
#.# #............###.. #.# #.#
#.......###.#.#.## ##.###.#
##...#### #.##.### .......#
##.#.######>#### #


You could see a boulder beetle.

Vanquished Creatures
  Pikel (D:5)
  A komodo dragon (D:6)
  A steam dragon (D:6)
  A water moccasin (D:5)
  A black bear (D:6)
  2 centaurs
  Blork the orc (D:5)
  A kobold brigand (D:6)
  A water moccasin zombie (D:5)
  A scorpion (D:6)
  A hound (D:3)
  2 centaur zombies (D:6)
  An orc priest (D:6)
  A bullfrog skeleton (D:6)
  An iguana (D:5)
  4 orc wizards
  A hound skeleton (D:5)
  A howler monkey skeleton (D:6)
  6 adders
  3 ufetubi
  2 adder zombies (D:5)
  An adder skeleton (D:4)
  A worm (D:3)
  2 dart slugs
  6 orcs
  8 ball pythons
  4 endoplasms
  3 giant cockroaches
  3 goblins
  8 hobgoblins
  6 jackals (D:5)
  A quokka (D:3)
  3 bats
  7 frilled lizards
  8 kobolds
  9 rats
104 creatures vanquished.

Vanquished Creatures (others)
  An orc (D:3)
  A rat (D:3)
  2 fungi (D:3)
  A plant (D:3)
5 creatures vanquished.

Grand Total: 109 creatures vanquished

Notes
Turn   | Place    | Note
-------+----------+-------------------------------------------
     0 | D:1      | Sin92 the Demonspawn Fighter began the quest for the Orb.
     0 | D:1      | Reached XP level 1. HP: 18/18 MP: 1/1
   106 | D:1      | Reached skill level 2 in Polearms
   137 | D:1      | Gained mutation: You have a pair of small horns on your
                  | head. [demonic ancestry]
   137 | D:1      | Reached XP level 2. HP: 24/24 MP: 2/2
   734 | D:2      | Reached skill level 1 in Dodging
   952 | D:2      | You fall into a shaft and drop 2 floors!
   982 | D:4      | Gained mutation: You are partially covered in slimy green
                  | scales. (AC +2) [demonic ancestry]
   982 | D:4      | Reached XP level 3. HP: 25/29 MP: 3/3
  1831 | D:3      | Gained mutation: Your demonic aura sometimes causes spilled
                  | blood to erupt in flames. [demonic ancestry]
  1831 | D:3      | Reached XP level 4. HP: 32/35 MP: 4/4
  2205 | D:3      | Found a faded altar of an unknown god.
  2298 | D:3      | Found a sparkling altar of Nemelex Xobeh.
  2547 | D:3      | Reached skill level 3 in Polearms
  2547 | D:3      | Gained mutation: You are mostly covered in slimy green
                  | scales. (AC +3) [demonic ancestry]
  2547 | D:3      | Reached XP level 5. HP: 41/41 MP: 5/5
  2893 | D:3      | Found an ornate altar of the Wu Jian Council.
  3831 | D:5      | Entered Level 5 of the Dungeon
  4031 | D:5      | Noticed Blork the orc
  4043 | D:5      | Killed Blork the orc
  4044 | D:5      | Reached XP level 6. HP: 15/48 MP: 6/6
  4090 | D:5      | Found a basalt altar of Yredelemnul.
  4522 | D:5      | Reached skill level 4 in Polearms
  4720 | D:5      | Noticed Pikel
  4730 | D:5      | Killed Pikel
  4731 | D:5      | Reached XP level 7. HP: 55/55 MP: 7/7
  4977 | D:5      | Reached skill level 5 in Polearms
  4977 | D:5      | Gained mutation: Your demonic aura often causes spilled
                  | blood to erupt in flames. [demonic ancestry]
  4977 | D:5      | Reached XP level 8. HP: 34/61 MP: 8/8
  5190 | D:6      | Found an iron altar of Okawaru.
  5208 | D:6      | Noticed a boulder beetle
  5210 | D:6      | Noticed a komodo dragon
  5267 | D:6      | Reached skill level 5 in Fighting
  5272 | D:6      | Killed a komodo dragon
  5558 | D:6      | Became a worshipper of Warmaster Okawaru
  5588 | D:6      | Reached skill level 6 in Polearms
  5756 | D:6      | Found a staircase to the Ecumenical Temple.
  5799 | D:6      | Reached skill level 5 in Shields
  5892 | D:6      | Reached skill level 5 in Armour
  5896 | D:6      | Found a hazy altar of Hepliaklqana.
  6251 | D:6      | HP: 2/63 [boulder beetle (10)]
  6262 | D:6      | Mangled by a boulder beetle

Illustrated notes

Levels and vault maps discovered:
D:1:      lemuel_arrival_cross, layout_basic
D:2:      layout_basic, hangedman_decor_opposing, minmay_crystal_water,
          minmay_misc_feat_alley, nicolae_elevator_lobby_plus
D:3:      layout_basic, pdpol_wu_jian_five_deadly_venoms,
          nemelex_xobeh_ov_fountains_minmay, shapermc_ecumenical_altar_rom_forum
D:4:      layout_loops_ring, hangedman_decor_peaks_small
D:5:      layout_rooms, lemuel_zombie_altar_yredelemnul, elyvilon_altar_3,
          serial_curves, eino_curves_03, eino_curves_04, eino_curves_01,
          eino_curves_02, chequers_avenue, corner_web_ring, due_unseen_surprise,
          uniq_pikel, uniq_blork_the_orc
D:6:      layout_loops_ring, nicolae_hepliaklqana_hippocampus,
          mainiacjoe_overflow_alcove_2, temple_doors_cd, minmay_manual_moon

Skill      XL: |  1  2  3  4  5  6  7  8 |
---------------+-------------------------+-----
Polearms       | 2 3 4 5 6 |  6.2
Dodging        | 1 2 3 4 |  4.0
Shields        | 3 4 5 |  5.1
Armour         | 3 4 5 |  5.0
Fighting       | 4 5 |  5.5

Action                   |  1- 3 |  4- 6 |  7- 9 || total
-------------------------+-------+-------+-------++-------
Melee: Trident           |   105 |   192 |   103 ||   400
       Headbutt          |    15 |    27 |    18 ||    60
  Use: Scroll            |       |     3 |     2 ||     5
       Potion            |       |     2 |     9 ||    11
Armor: Scale mail        |    34 |   115 |    54 ||   203
       Skin              |       |       |    35 ||    35
Dodge: Dodged            |    30 |   110 |    63 ||   203
Block: Buckler           |    16 |    53 |    32 ||   101
